 Dungeon Crawl Stone Soup version 0.19.3 (webtiles) character file.

480 nono the Sneak (level 7, -1/44 HPs)
             Began as a Halfling Assassin on Jan 23, 2017.
             Killed by divine providence
             ... invoked by an orc priest
              (11 damage)
             ... on level 4 of the Dungeon.
             The game lasted 00:10:12 (3625 turns).

nono the Sneak (Halfling Assassin)                  Turns: 3625, Time: 00:10:12

Health: -1/44      AC:  9    Str: 14    XL:     7   Next: 34%
Magic:  7/7        EV: 16    Int:  9    God:
Gold:   252        SH:  0    Dex: 16    Spells: 0 memorised, 6 levels left

rFire  . . .     SeeInvis .     b - +0 blowgun
rCold  . . .     Gourm    .     y - +0 ring mail
rNeg   . . .     Faith    .     (shield restricted)
rPois  .         Spirit   .     I - +2 helmet
rElec  .         Reflect  .     H - +0 cloak
rCorr  .         Harm     .     (no gloves)
MR     .....                    (no boots)
Stlth  ++++......               (no amulet)
                                (no ring)
                                k - ring of stealth

@: no status effects
A: mutation resistance 1
a: no special abilities


You were on level 4 of the Dungeon.
You were near starving.

You visited 1 branch of the dungeon, and saw 4 of its levels.

You collected 252 gold pieces.

Inventory:

Hand Weapons
 a - a +2 dagger
 b - a +0 blowgun (weapon)
 d - a +1 dagger of protection
 t - a +0 spear of freezing
 z - a +0 hunting sling
 F - a +0 falchion
Missiles
 e - 32 poisoned needles (quivered)
 f - 2 curare-tipped needles
 p - 25 sling bullets
 E - 6 needles of paralysis
Armour
 y - a +0 ring mail (worn)
 H - a +0 cloak (worn)
 I - a +2 helmet (worn)
Jewellery
 k - a ring of stealth (left hand)
Wands
 B - a wand of flame (23/48)
 C - a wand of flame (17/48)
 K - a wand of disintegration (4/24)
 L - a wand of lightning (5/15)
Scrolls
 c - a scroll of enchant armour {unknown}
 j - a scroll of fog {unknown}
 l - 3 scrolls of teleportation {unknown}
 r - 2 scrolls of immolation {unknown}
 s - a scroll of fear {unknown}
 A - a scroll of magic mapping {unknown}
 D - 3 scrolls of remove curse {unknown}
 G - 2 scrolls of amnesia {unknown}
 J - 2 scrolls of identify {unknown}
 M - a scroll of noise {unknown}
Potions
 h - a potion of degeneration {unknown}
 n - a potion of agility {unknown}
 o - 4 potions of heal wounds
 q - a potion of resistance {unknown}
 u - 2 potions of curing {unknown}
 w - 3 potions of mutation {unknown}
Comestibles
 g - 3 bread rations
 i - a slice of pizza
 m - a beef jerky
 v - 3 fruits


   Skills:
 - Level 1.7 Fighting
 - Level 2.4(3.0) Short Blades
 + Level 2.2(2.6) Long Blades
 - Level 2.0 Throwing
 + Level 3.1 Armour
 + Level 5.0 Dodging
 - Level 6.3 Stealth


You had 6 spell levels left.
You didn't know any spells.

Dungeon Overview and Level Annotations

Branches:
Dungeon (4/15)
 Temple: D:4-7

Altars:


Innate Abilities, Weirdness & Mutations

You are small and have problems with some larger weapons.
You are somewhat resistant to further mutation.


Message History

The orc wizard casts a cantrip, but nothing happens.
Wield which item (- for none, * to show all)? (? for menu, Esc to quit)
Your +0 spear of freezing stops glowing.
b - a +0 blowgun (weapon)
Firing (i - inventory. (,) - cycle):
e - 33 poisoned needles (quivered)
Press: ? - help, Shift-Dir - straight line, f - orc wizard
Aim: an orc wizard, wielding a dagger and wearing a robe (moderately wounded, fast)
You shoot a poisoned needle.
The poisoned needle hits the orc wizard.
The orc wizard is poisoned.
The orc wizard is moderately wounded.
The orc wizard points at you and mumbles some strange words.
The puff of flame misses you.
The orc wizard points at you and mumbles some strange words.
The puff of frost hits you!
* * * LOW HITPOINT WARNING * * *
The orc wizard looks encouraged for a moment.
The orc priest invokes the aid of Beogh against you.
Beogh smites you!
You die...

## #.### #. #...#
###.######.#
#.........#
#..######## #..#
.#######..# #
..........#
################@#
..o......o.o.o.o.#
##################


You could see an orc priest, an orc wizard and 2 orcs.

Vanquished Creatures
  An ogre (D:4)
  A scorpion (D:4)
  An orc wizard (D:4)
  Crazy Yiuf (D:4)
  Jessica (D:2)
  A worker ant (D:4)
  Natasha (thrice) (D:3)
  A gnoll (D:4)
  7 adders
  2 worms
  2 dart slugs (D:1)
  A leopard gecko (D:2)
  7 orcs
  11 bats
  2 giant cockroaches (D:2)
  5 goblins
  8 hobgoblins
  7 jackals (D:1)
  4 frilled lizards
  8 kobolds
  11 rats
85 creatures vanquished.

Notes
Turn   | Place    | Note
-------+----------+-------------------------------------------
     0 | D:1      | nono the Halfling Assassin began the quest for the Orb.
     0 | D:1      | Reached XP level 1. HP: 14/14 MP: 1/1
    52 | D:1      | Reached XP level 2. HP: 19/19 MP: 2/2
   676 | D:1      | Reached XP level 3. HP: 21/24 MP: 3/3
   728 | D:1      | Reached skill level 5 in Stealth
  1134 | D:2      | Noticed Jessica
  1141 | D:2      | Killed Jessica
  1141 | D:2      | Reached XP level 4. HP: 27/29 MP: 4/4
  1374 | D:2      | Reached XP level 5. HP: 34/34 MP: 5/5
  1802 | D:3      | Noticed Natasha
  1819 | D:3      | Killed Natasha
  1819 | D:3      | Reached skill level 6 in Stealth
  1863 | D:3      | Reached skill level 1 in Armour
  1896 | D:3      | Noticed Natasha
  1912 | D:3      | Killed Natasha
  1912 | D:3      | Reached XP level 6. HP: 14/39 MP: 6/6
  1962 | D:3      | Noticed Natasha
  2113 | D:3      | Killed Natasha
  2836 | D:4      | Reached skill level 1 in Long Blades
  3066 | D:4      | Found a runed door.
  3070 | D:4      | Noticed Crazy Yiuf
  3091 | D:4      | Killed Crazy Yiuf
  3158 | D:4      | Noticed an ogre
  3170 | D:4      | Killed an ogre
  3170 | D:4      | Reached XP level 7. HP: 44/44 MP: 7/7
  3245 | D:4      | Reached skill level 5 in Dodging
  3625 | D:4      | Killed from afar by an orc priest

Skill      XL: |  1  2  3  4  5  6  7 |
---------------+----------------------+-----
Dodging        | 2 3 4 5 |  5.0
Stealth        | 5 6 |  6.3
Armour         | 1 2 3 |  3.1
Long Blades    | 2 |  2.2
Fighting       | |  1.7
Short Blades   | |  2.4
Throwing       | |  2.0

Action                   |  1- 3 |  4- 6 |  7- 9 || total
-------------------------+-------+-------+-------++-------
Melee: Dagger            |    74 |   121 |     1 ||   196
       Spear             |       |    90 |    38 ||   128
 Fire: Blowgun           |     2 |    20 |     1 ||    23
  Use: Potion            |       |     1 |       ||     1
 Stab: Sleeping          |    17 |    15 |     1 ||    33
       Distracted        |       |       |     1 ||     1
  Eat: Chunk             |     1 |     6 |       ||     7
Armor: Robe              |     4 |     4 |       ||     8
       Ring mail         |       |    42 |     4 ||    46
Dodge: Dodged            |    29 |   165 |    24 ||   218
